[Event "Titled Tuesday Blitz April 12 Early 2022"]
[White "Lianes Garcia, Marcos"]
[Black "Kadam, Om Manish"]
[WhiteFideId "32060777"]
[BlackFideId "45076294"]
[WhiteElo "2310"]
[BlackElo "1729"]
[Result "0-1"]
[Round "03"]
[TimeControl "180+1"]
[Date "2022.04.13"]
[WhiteClock "0:00:09"]
[BlackClock "0:00:22"]

1. e4 c6 2. g3 d5 3. Bg2 dxe4 4. Bxe4 Nf6 5. Bg2 g6 6. d4 Bg7 7. Ne2 O-O 8. O-O Be6 9. Re1 Bd5 10. f3 Nbd7 11. Nbc3 Re8 12. Be3 e5 13. Nxd5 Nxd5 14. Bf2 exd4 15. Nxd4 Rxe1+ 16. Qxe1 Qf8 17. c3 Re8 18. Qd2 Ne5 19. b3 Rd8 20. Qc2 a6 21. h3 c5 22. Ne2 c4 23. Bd4 b5 24. Rd1 Nd3 25. Qd2 Bxd4+ 26. Nxd4 Qc5 27. bxc4 bxc4 28. Kh2 Nxc3 29. Ne6 fxe6 30. Qxc3 Qd4 31. Qc2 Rd5 32. a3 Qc5 33. Rb1 Rd7 34. Rb8+ Kg7 35. h4 Qe5 36. Rc8 Ne1 37. Qxc4 Rd2 38. Rc7+ Kh6 39. Kh3 Nxg2 40. Qc1 Nf4+ 41. gxf4 Qxf4 42. Qg1 Qxf3+ 43. Qg3 Qf1+ 44. Kg4 Qf5# 0-1


[Site "https://www.chess.com"]

[Event "Titled Tuesday Blitz April 12 Early 2022"]
[White "Liyanage, Ranindu Dilshan"]
[Black "Le Ruyet, Leopold"]
[WhiteFideId "9915834"]
[BlackFideId "645923"]
[WhiteElo "1858"]
[BlackElo "2276"]
[Result "0-1"]
[Round "03"]
[TimeControl "180+1"]
[Date "2022.04.13"]
[WhiteClock "0:00:09"]
[BlackClock "0:00:11"]

1. e4 e5 2. Nf3 Nc6 3. d4 exd4 4. Nxd4 Qf6 5. Nf3 Bc5 6. Nc3 Nge7 7. Bg5 Qg6 8. Qd2 h6 9. Bf4 d6 10. O-O-O Be6 11. a3 a6 12. Nd5 O-O-O 13. Re1 f5 14. Nxe7+ Nxe7 15. exf5 Nxf5 16. Bd3 Qf7 17. g4 Ne7 18. Nh4 g5 19. Rxe6 Qxe6 20. Nf5 gxf4 21. Re1 Be3 22. fxe3 f3 23. e4 Nc6 24. Qf2 Qa2 25. Qxf3 Qa1+ 26. Kd2 Qxb2 27. Ne3 Ne5 28. Qf5+ Kb8 29. Qe6 Qxa3 30. Rb1 Qa5+ 31. Ke2 Rhe8 32. Qb3 b6 33. Qb2 Nxd3 34. cxd3 Qe5 35. Qa2 Qxh2+ 36. Kd1 Qxa2 37. Rc1 Qa4+ 38. Ke2 Qd4 39. Nc4 d5 0-1


[Site "https://www.chess.com"]

[Event "Titled Tuesday Blitz April 12 Early 2022"]
[White "Ljukin, Sergei"]
[Black "Johnson, Ben"]
[WhiteFideId "14102200"]
[BlackFideId "2010917"]
[WhiteElo "2312"]
[BlackElo "2122"]
[Result "0-1"]
[Round "03"]
[TimeControl "180+1"]
[Date "2022.04.13"]
[WhiteClock "0:00:02"]
[BlackClock "0:00:03"]

1. e4 c5 2. Nf3 Nc6 3. d4 cxd4 4. Nxd4 Nf6 5. Nc3 e5 6. Ndb5 d6 7. Nd5 Nxd5 8. exd5 Nb8 9. a4 Be7 10. Be2 O-O 11. O-O a6 12. Na3 f5 13. f4 Nd7 14. Be3 a5 15. Nc4 b6 16. fxe5 Nxe5 17. Nxb6 Rb8 18. Nxc8 Qxc8 19. Bb5 Nc4 20. Bxc4 Qxc4 21. b3 Qe4 22. Bd4 Qxd5 23. c4 Qb7 24. Rf3 Bf6 25. Bxf6 Rxf6 26. Qd3 Qe4 27. Qxe4 fxe4 28. Re3 d5 29. cxd5 Rd6 30. Rd1 Rb4 31. Kf2 Kf7 32. Kg3 Kf6 33. Kf4 g5+ 34. Kg4 h6 35. h4 Ke5 36. hxg5 Rg6 37. d6 Rxg5+ 38. Kh4 Rb8 39. d7 Rd8 40. Rde1 Rxd7 41. Rxe4+ Kf6 42. Rf1+ Kg6 43. Re6+ Kg7 44. Rff6 Rd4+ 45. Kh3 Rd3+ 46. Kh2 Rh5+ 47. Kg1 Rd1+ 48. Kf2 Rd2+ 49. Ke3 Rxg2 50. Ra6 Rg3+ 51. Kf4 Rxb3 52. Rfc6 Rb4+ 53. Ke3 Rh3+ 54. Kd2 Rb2+ 55. Kc1 Rg2 56. Rc7+ Kh8 57. Ra8+ Rg8 58. Rxa5 Rgg3 59. Ra8+ Rg8 60. Raa7 Rg1+ 61. Kd2 Rg2+ 62. Ke1 Rh1# 0-1


[Site "https://www.chess.com"]

[Event "Titled Tuesday Blitz April 12 Early 2022"]
[White "Lopez, Henry"]
[Black "Pinheiro, Iung Alicio de O."]
[WhiteFideId "5203830"]
[BlackFideId "2104350"]
[WhiteElo "2177"]
[BlackElo "2595"]
[Result "0-1"]
[Round "03"]
[TimeControl "180+1"]
[Date "2022.04.13"]
[WhiteClock "0:00:09"]
[BlackClock "0:00:10"]

1. d4 Nf6 2. Nf3 g6 3. c4 Bg7 4. Nc3 d5 5. h4 dxc4 6. e4 c5 7. d5 b5 8. h5 b4 9. h6 Bf8 10. e5 bxc3 11. exf6 exf6 12. Bxc4 Bd6 13. bxc3 O-O 14. O-O Nd7 15. Re1 Nb6 16. Qb3 Rb8 17. Bd2 Nxd5 18. Qa3 Nb6 19. Bf1 Bb7 20. c4 Bxf3 21. Qxf3 Bh2+ 22. Kxh2 Qxd2 23. Re3 Qd6+ 24. Kg1 Rbd8 25. Rae1 Nd7 26. Qb7 Qf4 27. Qxa7 Qxh6 28. Re7 Ne5 29. Qxc5 Ng4 30. Qc7 Rd2 31. R7e2 Rd4 32. Re4 Rxe4 33. Rxe4 f5 34. Rd4 Qh4 35. Qf4 Re8 36. Rd1 g5 37. Qg3 Qxg3 38. fxg3 Ne3 39. Re1 f4 40. gxf4 gxf4 41. Kf2 Ra8 42. Re2 Nxc4 43. Re4 Rxa2+ 44. Kg1 Ne3 45. Rxf4 Ra1 46. g3 Kg7 47. Rf3 Rxf1+ 48. Rxf1 Nxf1 49. Kxf1 Kg6 50. Kg2 Kg5 51. Kf3 Kf5 52. Kg2 Kg4 53. Kf2 h5 54. Kg2 h4 55. gxh4 Kxh4 56. Kf3 Kg5 57. Kg3 f6 58. Kf3 Kf5 59. Kg3 Ke4 60. Kf2 Kf4 61. Kf1 Kf3 62. Kg1 f5 63. Kf1 f4 64. Kg1 Ke2 0-1


[Site "https://www.chess.com"]

[Event "Titled Tuesday Blitz April 12 Early 2022"]
[White "Maevsky, Nikolay"]
[Black "Garagulya, Konstantin"]
[WhiteFideId "4198220"]
[BlackFideId "4128931"]
[WhiteElo "2126"]
[BlackElo "2329"]
[Result "1-0"]
[Round "03"]
[TimeControl "180+1"]
[Date "2022.04.13"]
[WhiteClock "0:00:04"]
[BlackClock "0:00:03"]

1. d4 Nf6 2. Nf3 e6 3. e3 c5 4. Bd3 b6 5. c4 Bb7 6. O-O d5 7. cxd5 Nxd5 8. Bb5+ Bc6 9. Bxc6+ Nxc6 10. dxc5 Bxc5 11. a3 O-O 12. e4 Nf6 13. Qc2 Nd4 14. Nxd4 Qxd4 15. Nc3 Rac8 16. Be3 Qe5 17. Bxc5 Rxc5 18. Qe2 Rfc8 19. Rad1 Rc4 20. Rfe1 g5 21. h3 b5 22. Rd3 Kg7 23. Rg3 h6 24. Re3 a5 25. Qf3 R8c6 26. g3 b4 27. axb4 axb4 28. Nd1 Rd4 29. b3 Rc1 30. Qe2 Qc5 31. Nb2 Rc2 32. Na4 Rxe2 33. Nxc5 Rxe1+ 34. Rxe1 Nd7 35. Nxd7 Rxd7 36. e5 Rd3 37. Re4 Rxb3 38. Rc4 Kg6 39. g4 Rb1+ 40. Kg2 b3 41. Rb4 h5 42. Kh2 h4 43. Kg2 Rb2 44. Rb6 Re2 45. Rxb3 Rxe5 46. Rf3 Rd5 47. Re3 Rd4 48. Re5 Rf4 49. Re3 Kf6 50. Rd3 Rc4 51. Rf3+ Ke7 52. Re3 Rf4 53. Re5 f6 54. Ra5 Kf7 55. Ra7+ Kg6 56. Ra6 e5 57. Ra3 Rd4 58. Ra6 Kf7 59. Rb6 Ke7 60. Ra6 Rd6 61. Ra7+ Ke6 62. Ra8 Kd5 63. Ra4 Rc6 64. Ra8 Ke4 65. Ra4+ Kd5 66. Ra8 Kd4 67. Rd8+ Ke4 68. Ra8 Kf4 69. Ra4+ e4 70. Ra5 e3 71. Ra4+ Ke5 72. fxe3 Rc2+ 73. Kg1 Re2 74. Ra5+ Ke6 75. Rf5 Rxe3 76. Kg2 Re5 77. Rf3 Re4 78. Rf5 Rd4 79. Ra5 Rd5 80. Ra6+ Ke5 81. Ra7 Rd2+ 82. Kh1 Rd3 83. Ra5+ Kf4 84. Rf5+ Kg3 85. Rf1 Kxh3 86. Kg1 Kxg4 87. Rxf6 Rd1+ 88. Kh2 Rd2+ 89. Kh1 Kg3 90. Rf1 h3 91. Rg1+ Kh4 92. Rf1 1-0


[Site "https://www.chess.com"]

[Event "Titled Tuesday Blitz April 12 Early 2022"]
[White "Manolache, Marius"]
[Black "Caputcuoglu, Zeki Berke"]
[WhiteFideId "1201530"]
[BlackFideId "34548610"]
[WhiteElo "2364"]
[BlackElo "1368"]
[Result "1-0"]
[Round "03"]
[TimeControl "180+1"]
[Date "2022.04.13"]
[WhiteClock "0:01:13"]
[BlackClock "0:00:47"]

1. d4 Nf6 2. Bg5 Ne4 3. Bf4 d5 4. e3 c5 5. Bd3 cxd4 6. exd4 Nc6 7. Ne2 g6 8. Bxe4 dxe4 9. Nbc3 Bg7 10. d5 e5 11. Be3 Ne7 12. Bc5 f5 13. O-O O-O 14. d6 Nc6 15. Qd5+ Kh8 16. d7 Qxd7 17. Bxf8 Bxf8 18. Qxd7 Bxd7 19. Rfd1 Be6 20. Nd5 Rc8 21. c3 b5 22. Rd2 b4 23. c4 Bc5 24. Rad1 Nd4 25. b3 Kg7 26. Kf1 f4 27. Nxd4 exd4 28. Rxd4 Bxd4 29. Rxd4 Bf5 30. Nxf4 Kf6 31. Nd5+ Ke5 32. Rd2 Be6 33. Nxb4 a5 34. Nd5 a4 35. Nb6 Rf8 36. Nxa4 Kf4 37. Ke1 Bg4 38. Nc3 e3 39. Nd5+ 1-0


[Site "https://www.chess.com"]

[Event "Titled Tuesday Blitz April 12 Early 2022"]
[White "Manukian, Artak"]
[Black "Piliczewski, Bogusz"]
[WhiteFideId "13301373"]
[BlackFideId "1104144"]
[WhiteElo "2361"]
[BlackElo "1896"]
[Result "0-1"]
[Round "03"]
[TimeControl "180+1"]
[Date "2022.04.13"]
[WhiteClock "0:00:09"]
[BlackClock "0:00:40"]

1. e4 c6 2. d4 d5 3. e5 c5 4. dxc5 e6 5. a3 Bxc5 6. b4 Bb6 7. c4 dxc4 8. Qxd8+ Bxd8 9. Bxc4 Bc7 10. f4 Nc6 11. Bb2 Nge7 12. Nf3 O-O 13. Nbd2 a6 14. Ne4 b5 15. Bd3 Nf5 16. Ke2 Rd8 17. Rac1 Bb7 18. Nc5 Bc8 19. Nxe6 Bxe6 20. Rxc6 Rac8 21. Rhc1 Bb8 22. Rxc8 Rxc8 23. Rxc8+ Bxc8 24. Be4 Ne7 25. Nd4 f6 26. exf6 gxf6 27. Nc6 Nxc6 28. Bxc6 Bxf4 29. Bxf6 Bxh2 30. Kf3 Bd6 31. Ke4 Kf7 32. Be5 Bf8 33. Bd5+ Kg6 34. Bf4 Kf6 35. Kd4 Kf5 36. Bc7 h5 37. Bf3 h4 38. Bd8 Bg7+ 39. Kc5 Bb2 40. Bxh4 Bxa3 41. Be1 Ke5 42. Kb6 Kd4 43. g4 Kc4 44. Be2+ Kb3 45. Ka5 Bc1 46. Kb6 Bf4 47. Kc5 Be3+ 48. Kc6 Bf4 49. Bf1 Be5 50. g5 Bc3 51. Bxc3 Kxc3 52. Kc5 Bf5 53. Be2 Bg6 54. Bf3 Bd3 55. Bb7 a5 56. bxa5 b4 57. a6 Bxa6 0-1


[Site "https://www.chess.com"]

[Event "Titled Tuesday Blitz April 12 Early 2022"]
[White "Manukyan, Sargis A."]
[Black "Rodchenkov, Vitaly"]
[WhiteFideId "13303970"]
[BlackFideId "4152964"]
[WhiteElo "2187"]
[BlackElo "2337"]
[Result "1-0"]
[Round "03"]
[TimeControl "180+1"]
[Date "2022.04.13"]
[WhiteClock "0:01:50"]
[BlackClock "0:00:17"]

1. d4 Nf6 2. e3 e6 3. Nf3 Be7 4. Be2 b6 5. O-O Bb7 6. b3 d6 7. Bb2 Kf8 8. Nbd2 g6 9. c4 Kg7 10. Qc2 Nbd7 11. Rac1 c5 12. Rfd1 Rc8 13. h3 h5 14. Qb1 Ne8 15. dxc5+ Bf6 16. cxd6 Nxd6 17. Nf1 Qc7 18. Bxf6+ Nxf6 19. Qb2 Ne4 20. N1d2 Nxd2 21. Rxd2 Rhd8 22. Rcd1 Rxd2 23. Rxd2 Rd8 24. Rxd8 Qxd8 25. Qd4 Qxd4 26. Nxd4 Ne4 27. Bf3 Nc5 28. Bxb7 Nxb7 29. Nc6 a6 30. Nb8 a5 31. Nd7 b5 32. cxb5 Nd6 33. b6 f5 34. Nc5 Ne8 35. b7 1-0


[Site "https://www.chess.com"]

[Event "Titled Tuesday Blitz April 12 Early 2022"]
[White "Marcinczyk, Monika"]
[Black "Almeida Junior, Alvaro Alves de"]
[WhiteFideId "1192051"]
[BlackFideId "2149974"]
[WhiteElo "1786"]
[BlackElo "2086"]
[Result "0-1"]
[Round "03"]
[TimeControl "180+1"]
[Date "2022.04.13"]
[WhiteClock "0:00:01"]
[BlackClock "0:00:04"]

1. e4 c5 2. Nf3 d6 3. d4 cxd4 4. Nxd4 Nf6 5. Nc3 a6 6. Be2 e5 7. Nb3 Be6 8. O-O Nbd7 9. Be3 Be7 10. f3 Rc8 11. Qd2 Qc7 12. a4 O-O 13. a5 Bc4 14. Rfd1 Rfd8 15. Ra4 Bxe2 16. Qxe2 Qc6 17. Nc1 Nc5 18. Rc4 Qe8 19. b4 Ne6 20. Nb3 Rxc4 21. Qxc4 Rc8 22. Qd3 Qc6 23. Nd5 Bd8 24. Nxf6+ Bxf6 25. Qxd6 Qxd6 26. Rxd6 Rxc2 27. Nc5 Nxc5 28. Bxc5 h6 29. Rd7 Bg5 30. h3 Bf4 31. Rxb7 Bg3 32. Kf1 Rc1+ 33. Ke2 Rc2+ 34. Kd3 Rxg2 35. Rb8+ Kh7 36. Ra8 Bf4 37. Rxa6 Rg3 38. Ke2 Rg2+ 39. Bf2 Bg3 40. Ra8 Rxf2+ 41. Ke3 Rb2 0-1


[Site "https://www.chess.com"]

[Event "Titled Tuesday Blitz April 12 Early 2022"]
[White "Marcziter, Dmitrii"]
[Black "Maksimenko, Viktor"]
[WhiteFideId "13900765"]
[BlackFideId "13710478"]
[WhiteElo "2155"]
[BlackElo "2269"]
[Result "1-0"]
[Round "03"]
[TimeControl "180+1"]
[Date "2022.04.13"]
[WhiteClock "0:00:30"]
[BlackClock "0:01:08"]

1. d4 Nf6 2. c4 e6 3. Nf3 b6 4. a3 Bb7 5. Nc3 d5 6. cxd5 Nxd5 7. Qa4+ Qd7 8. Qc2 Nxc3 9. bxc3 c5 10. e4 Nc6 11. Bb2 cxd4 12. cxd4 Rc8 13. Qa4 Be7 14. Bb5 a6 15. Bd3 b5 16. Qd1 O-O 17. O-O Rfd8 18. Qe2 Na5 19. Rad1 Nc4 20. Ba1 f6 21. d5 e5 22. a4 Bd6 23. axb5 axb5 24. Nh4 g6 25. Qf3 Rf8 26. Qg3 Kh8 27. Nf3 Ra8 28. Rb1 Rfb8 29. Rfc1 Ba6 30. Bxc4 bxc4 31. Nxe5 Qc7 32. Nf7+ Qxf7 33. Qxd6 Rxb1 34. Bxf6+ Kg8 35. Rxb1 c3 36. Bxc3 Bd3 37. Rb8+ Rxb8 38. Qxb8+ Qf8 39. Qxf8+ Kxf8 40. f3 1-0


[Site "https://www.chess.com"]

[Event "Titled Tuesday Blitz April 12 Early 2022"]
[White "Matlakov, Maxim"]
[Black "Ohanyan, Emin"]
[WhiteFideId "4168003"]
[BlackFideId "13312022"]
[WhiteElo "2669"]
[BlackElo "1927"]
[Result "1-0"]
[Round "03"]
[TimeControl "180+1"]
[Date "2022.04.12"]
[WhiteClock "0:00:21"]
[BlackClock "0:00:01"]

1. e4 e5 2. Nf3 Nc6 3. Bc4 Nf6 4. d4 exd4 5. e5 d5 6. Bb5 Ne4 7. Nxd4 Bc5 8. Be3 O-O 9. Nxc6 bxc6 10. Bxc5 Nxc5 11. Bxc6 Rb8 12. Qxd5 Qe7 13. O-O Rd8 14. Qf3 Rxb2 15. Nc3 Ne6 16. Nd5 Qc5 17. Rad1 Kf8 18. Ne3 Rxd1 19. Nxd1 Rxc2 20. Be4 Rxa2 21. Bxh7 Ba6 22. Bd3 Bxd3 23. Qxd3 Qxe5 24. Ne3 Qd6 25. Qb3 Qd2 26. h4 g6 27. h5 Rb2 28. Qa3+ Qb4 29. Qxa7 gxh5 30. Nf5 Qb7 31. Qa3+ Qb4 32. Qg3 Qg4 33. Qc3 Qxf5 34. Qh8+ Ke7 35. Qxb2 Nf4 36. Re1+ Kd7 37. Qd4+ Kc8 38. Re8+ Kb7 39. Re5 Qb1+ 40. Kh2 Ne6 41. Qd5+ Kc8 42. Qa8+ Kd7 43. Rd5+ Ke7 44. Rxh5 Nf4 45. Qa3+ Ke6 46. Qe3+ 1-0


[Site "https://www.chess.com"]

[Event "Titled Tuesday Blitz April 12 Early 2022"]
[White "Mekhitarian, Krikor Sevag"]
[Black "Coto Mederos, Michel"]
[WhiteFideId "2107660"]
[BlackFideId "3508528"]
[WhiteElo "2598"]
[BlackElo "2427"]
[Result "0-1"]
[Round "03"]
[TimeControl "180+1"]
[Date "2022.04.13"]
[WhiteClock "0:00:05"]
[BlackClock "0:00:24"]

1. Nf3 d5 2. c4 e6 3. e3 Nf6 4. Nc3 c5 5. cxd5 exd5 6. d4 Nc6 7. Bb5 cxd4 8. Nxd4 Bd7 9. O-O Bc5 10. Nb3 Bd6 11. Nxd5 O-O 12. Nc3 Be6 13. Be2 Qc7 14. h3 Rad8 15. Bd2 Qc8 16. f4 Rfe8 17. Rc1 Bc7 18. Qe1 Bxb3 19. axb3 Bb6 20. Nd1 Nd5 21. Bc4 Nxe3 22. Bxe3 Rxd1 23. Qxd1 Bxe3+ 24. Kh2 Bxc1 25. Qxc1 Qf5 26. Qd2 h5 27. Qd5 Qxd5 28. Bxd5 Re2 29. Bxc6 bxc6 30. Rc1 Rxb2 31. Rxc6 Rxb3 32. Rc8+ Kh7 33. Rc7 a5 34. Rxf7 a4 35. Ra7 a3 36. g4 h4 37. f5 Kh6 38. Ra6+ Kg5 39. Rg6+ Kf4 40. Rxg7 Rb2+ 41. Kg1 a2 42. Ra7 Rb1+ 43. Kf2 a1=Q 44. Rxa1 Rxa1 45. f6 Kg5 0-1


[Site "https://www.chess.com"]

[Event "Titled Tuesday Blitz April 12 Early 2022"]
[White "Migot, Tangi"]
[Black "Kavyev, Ruslan"]
[WhiteFideId "662445"]
[BlackFideId "34110981"]
[WhiteElo "2517"]
[BlackElo "2182"]
[Result "1/2-1/2"]
[Round "03"]
[TimeControl "180+1"]
[Date "2022.04.13"]
[WhiteClock "0:00:13"]
[BlackClock "0:00:12"]

1. Nf3 d5 2. g3 Nc6 3. Bg2 e5 4. O-O Nf6 5. c4 d4 6. e3 d3 7. b4 e4 8. Ng5 Bf5 9. Nc3 Bxb4 10. Ngxe4 Nxe4 11. Nxe4 O-O 12. Rb1 Re8 13. a3 Bxe4 14. axb4 Bxg2 15. Kxg2 Ne5 16. Qb3 Qf6 17. f3 Qc6 18. c5 g5 19. Bb2 Nxf3 20. Rxf3 g4 21. Qc3 gxf3+ 22. Kf2 f6 23. b5 Qe6 24. Qxd3 Rad8 25. Bd4 Qh3 26. Kxf3 Qxh2 27. Qf5 Rxd4 28. exd4 Qe2+ 29. Kf4 Qxd2+ 30. Kg4 Qxd4+ 31. Kh3 Qe4 32. Qd7 Qe6+ 33. Qxe6+ Rxe6 34. Rd1 Kf7 35. Kg4 Re4+ 36. Kf3 Re7 37. Ra1 a6 38. c6 bxc6 39. bxa6 Re8 40. Rc1 Ra8 41. Rxc6 Ra7 42. Kf4 Ke7 43. Kf5 Kd7 44. Rxf6 Kc8 45. Rf8+ Kd7 46. Rf7+ Kc6 47. Rxh7 Kb5 48. Rh6 c6 49. g4 Rxa6 50. Re6 Ra1 51. g5 Rf1+ 52. Kg6 c5 53. Kh7 c4 54. g6 Rh1+ 55. Kg8 c3 56. Re2 Kc4 57. g7 Kd3 58. Rg2 c2 59. Rxc2 Kxc2 60. Kf7 Rf1+ 61. Ke8 Rg1 62. Kf8 Kd3 63. g8=Q Rxg8+ 64. Kxg8 1/2-1/2


[Site "https://www.chess.com"]

[Event "Titled Tuesday Blitz April 12 Early 2022"]
[White "Mika, Tomasz"]
[Black "Artemenko, Oleg"]
[WhiteFideId "1132970"]
[BlackFideId "14201798"]
[WhiteElo "2116"]
[BlackElo "2287"]
[Result "0-1"]
[Round "03"]
[TimeControl "180+1"]
[Date "2022.04.13"]
[WhiteClock "0:00:01"]
[BlackClock "0:01:11"]

1. d4 Nf6 2. Nf3 e6 3. g3 b6 4. Bg2 Bb7 5. O-O Be7 6. b3 O-O 7. Bb2 Ne4 8. Re1 f5 9. c4 d6 10. Nfd2 d5 11. Nf3 Nd7 12. Nc3 Bb4 13. Qc2 Qf6 14. a3 Bxc3 15. Bxc3 f4 16. Rf1 fxg3 17. fxg3 Qh6 18. Bd2 Nxd2 19. Qxd2 dxc4 20. Qxh6 gxh6 21. bxc4 Nf6 22. Ne5 Bxg2 23. Kxg2 Rad8 24. e3 c5 25. Rf4 cxd4 26. exd4 Nd7 27. Rxf8+ Nxf8 28. Rd1 Kg7 29. Kf3 Nd7 30. Nc6 Rc8 31. d5 exd5 32. cxd5 a5 33. Re1 Kf8 34. Re6 b5 35. Rxh6 Kg7 36. Re6 Nc5 37. Re7+ Kf6 38. Rxh7 Rf8 39. Ke3 Re8+ 40. Kd4 Nb3+ 41. Kc3 Re3+ 42. Kb2 Nd2 43. Rh6+ Kg7 44. Re6 Nc4+ 45. Kc1 Rc3+ 46. Kd1 Rd3+ 47. Ke2 Rxd5 48. h4 Rd2+ 49. Ke1 Rd3 50. g4 Rxa3 51. h5 Rg3 52. Re4 a4 53. Nd4 Rd3 54. Nf5+ Kf6 55. h6 a3 56. Re2 Rh3 57. Rf2 Ne5 58. Nd6+ Kg6 59. Ne4 Nd3+ 60. Kf1 Nxf2 61. Nxf2 a2 62. Nxh3 a1=Q+ 0-1


[Site "https://www.chess.com"]

[Event "Titled Tuesday Blitz April 12 Early 2022"]
[White "Mikhailov, Viacheslav"]
[Black "Kozak, Adam"]
[WhiteFideId "4187369"]
[BlackFideId "753246"]
[WhiteElo "2381"]
[BlackElo "2459"]
[Result "1/2-1/2"]
[Round "03"]
[TimeControl "180+1"]
[Date "2022.04.12"]
[WhiteClock "0:00:14"]
[BlackClock "0:00:29"]

1. Nf3 d5 2. g3 c6 3. Bg2 g6 4. O-O Bg7 5. c4 dxc4 6. Na3 Nf6 7. Nxc4 Ne4 8. d3 Nd6 9. Nxd6+ exd6 10. Bg5 Qb6 11. Bf4 Qc7 12. Qd2 O-O 13. Bh6 Nd7 14. Bxg7 Kxg7 15. Rac1 a5 16. Rc4 Nf6 17. Qc3 d5 18. Rf4 Qd6 19. e4 dxe4 20. dxe4 Qe7 21. h4 h6 22. g4 Bxg4 23. Rxg4 Kh7 24. Rf4 Nh5 25. Rg4 Nf6 26. Nh2 Nxg4 27. Nxg4 f5 28. exf5 gxf5 29. Qe5 Qxh4 30. Qc7+ Kh8 31. Ne5 Qf6 32. Rd1 Rae8 33. f4 Re7 34. Qxa5 Rg7 35. Qd2 Rfg8 36. Qf2 Qe6 37. b3 c5 38. Kh1 Rxg2 39. Qxg2 Rxg2 40. Kxg2 Qa6 41. Rd2 Kg7 42. Kf2 b5 43. Kg3 c4 44. Rd7+ Kf8 45. Rc7 Qa5 46. Rc8+ Kg7 47. bxc4 Qe1+ 48. Kf3 Qe4+ 49. Kg3 Qe1+ 50. Kf3 Qf1+ 51. Kg3 Qe1+ 1/2-1/2


[Site "https://www.chess.com"]

[Event "Titled Tuesday Blitz April 12 Early 2022"]
[White "Mikhalsky, Vladimir"]
[Black "Lauridsen, Jesper Morch"]
[WhiteFideId "14144352"]
[BlackFideId "1401890"]
[WhiteElo "2301"]
[BlackElo "2311"]
[Result "0-1"]
[Round "03"]
[TimeControl "180+1"]
[Date "2022.04.13"]
[WhiteClock "0:00:12"]
[BlackClock "0:00:11"]

1. e4 c5 2. Nf3 d6 3. Bb5+ Bd7 4. Bxd7+ Qxd7 5. c4 Nc6 6. d4 cxd4 7. Nxd4 g6 8. Nc3 Bg7 9. Be3 Nf6 10. f3 O-O 11. O-O Rfc8 12. b3 a6 13. Na4 Qd8 14. Rc1 b5 15. cxb5 Nxd4 16. Rxc8 Nxf3+ 17. gxf3 Rxc8 18. bxa6 Nd7 19. a7 Qa5 20. Qd5 Nc5 21. Bxc5 dxc5 22. Qb7 Qd8 23. Qxc8 Bd4+ 24. Kg2 Qxc8 25. Nb6 Qe6 26. a8=Q+ Kg7 27. Nd5 Qe5 28. Qa6 e6 29. Nb6 Qh5 30. Qe2 Be5 31. h3 Qg5+ 32. Kh1 Bd4 33. Qg2 Qf4 34. Nc4 h5 35. a4 h4 36. a5 Qb8 37. Qc2 Qg3 38. Qg2 Qb8 39. Rb1 Kf6 40. e5+ Kg7 41. f4 Qa7 42. Qe4 Qa6 43. Qd3 Qc6+ 44. Kh2 Qd5 45. Rg1 Bxg1+ 46. Kxg1 Qxd3 47. Kg2 Qxb3 0-1


[Site "https://www.chess.com"]

[Event "Titled Tuesday Blitz April 12 Early 2022"]
[White "Mirzoev, Azer"]
[Black "Bas Mas, Jose Joaquin"]
[WhiteFideId "13400304"]
[BlackFideId "22219064"]
[WhiteElo "2525"]
[BlackElo "2212"]
[Result "0-1"]
[Round "03"]
[TimeControl "180+1"]
[Date "2022.04.13"]
[WhiteClock "0:01:24"]
[BlackClock "0:01:39"]

1. Nf3 Nf6 2. b3 e6 3. Bb2 a6 4. c4 b5 5. e3 b4 6. d4 Bb7 7. Nbd2 d6 8. Bd3 Nbd7 9. O-O Be7 10. e4 O-O 11. Re1 c5 12. d5 e5 13. Nf1 a5 14. a4 Bc8 15. h3 g6 16. g4 Ne8 17. Ng3 Bh4 18. Bc1 Ra7 19. Ra2 Kh8 20. g5 Bxg3 21. fxg3 f5 22. gxf6 Ndxf6 23. Bh6 Ng7 24. g4 Ng8 25. Bg5 Qe8 26. Rf2 Raf7 27. Ref1 h6 28. Bd2 Kh7 29. Nh2 Rxf2 30. Rxf2 Rxf2 31. Kxf2 Qf7+ 32. Kg2 Ne7 33. Nf1 g5 34. Ng3 Ng6 35. Kh2 Qf2+ 0-1


[Site "https://www.chess.com"]

[Event "Titled Tuesday Blitz April 12 Early 2022"]
[White "Mohammadian, Mohammad"]
[Black "Hnydiuk, Aleksander"]
[WhiteFideId "12566055"]
[BlackFideId "1109057"]
[WhiteElo "1544"]
[BlackElo "2374"]
[Result "0-1"]
[Round "03"]
[TimeControl "180+1"]
[Date "2022.04.13"]
[WhiteClock "0:00:06"]
[BlackClock "0:00:51"]

1. e4 Nf6 2. e5 Nd5 3. Nf3 d6 4. d4 dxe5 5. Nxe5 c6 6. c3 Nd7 7. Nxd7 Bxd7 8. Be2 Bf5 9. O-O e6 10. Nd2 Bd6 11. Nf3 O-O 12. Bg5 Qc7 13. Bh4 Nf4 14. Bg3 Rfd8 15. Bc4 c5 16. Qb3 Rab8 17. dxc5 Qxc5 18. Qb5 Qxb5 19. Bxb5 a6 20. Bc4 b5 21. Bb3 Ne2+ 22. Kh1 Nxg3+ 23. hxg3 Bc5 24. Rad1 Bd3 25. Rfe1 Bxf2 26. Re5 Bxg3 27. Re3 Bc4 28. Rxd8+ Rxd8 29. Nd4 Bf2 30. Re4 Bxd4 31. cxd4 Bxb3 32. axb3 Kf8 33. Kg1 Ke7 34. Kf2 Kd6 35. Ke3 Rc8 36. Kd3 Rc1 37. g4 f6 38. Kd2 Rg1 39. Kc3 Kd5 40. Rf4 a5 41. b4 Rg3+ 42. Kc2 axb4 43. b3 h6 44. Kb2 Rd3 45. Kc2 Rxd4 46. Rxd4+ Kxd4 47. Kd2 e5 48. Kc2 Ke3 49. Kd1 Kf2 50. Kd2 e4 51. Kc2 e3 52. Kd3 e2 53. Kd4 e1=Q 54. Kc5 Qc3+ 55. Kxb5 Qxb3 56. g5 hxg5 57. Kc6 g4 58. Kd6 g3 59. Ke7 g2 60. Kf8 g1=Q 61. Ke7 f5 62. Kf8 f4 63. Ke8 g5 0-1


[Site "https://www.chess.com"]

[Event "Titled Tuesday Blitz April 12 Early 2022"]
[White "Moroni, Luca Jr"]
[Black "Martic, Ivan"]
[WhiteFideId "865834"]
[BlackFideId "929301"]
[WhiteElo "2573"]
[BlackElo "2317"]
[Result "0-1"]
[Round "03"]
[TimeControl "180+1"]
[Date "2022.04.13"]
[WhiteClock "0:00:02"]
[BlackClock "0:00:18"]

1. d4 Nf6 2. c4 g6 3. Nc3 Bg7 4. e4 d6 5. Bd3 O-O 6. Nge2 Nc6 7. O-O Nh5 8. Bc2 e5 9. d5 Ne7 10. f3 f5 11. exf5 gxf5 12. f4 Ng6 13. Be3 Qe7 14. Qd2 exf4 15. Nxf4 Ngxf4 16. Bxf4 Nxf4 17. Qxf4 Be5 18. Qh6 Bd7 19. Rae1 Rf6 20. Qh5 Raf8 21. Kh1 Qg7 22. Qf3 Rh6 23. h3 Rg6 24. Ne2 Bxb2 25. Nf4 Rg3 26. Qe2 Be5 27. Qf2 Qg5 28. Nd3 f4 29. Nxe5 dxe5 30. Kh2 Qh4 31. Rxe5 Bxh3 32. Kg1 Bxg2 33. Qxg2 Rxg2+ 34. Kxg2 Qg3+ 35. Kh1 Qh3+ 36. Kg1 f3 37. Rg5+ Kh8 38. Rf2 Re8 39. Bd3 Rg8 40. Rxg8+ Kxg8 41. Bf1 Qg3+ 42. Bg2 Kh8 43. Rxf3 Qe1+ 44. Kh2 Qe5+ 45. Kg1 Qd4+ 46. Kh1 Qh4+ 47. Kg1 Qxc4 48. a3 Qc5+ 49. Kh2 Qd6+ 50. Kg1 b5 51. Kf1 a5 52. Ke2 b4 53. axb4 Qxb4 54. Kd3 a4 55. Ke3 a3 56. Rf4 Qb3+ 57. Kf2 a2 58. Be4 Qb2+ 59. Kf3 a1=Q 60. Rf7 Qf1+ 0-1


[Site "https://www.chess.com"]

[Event "Titled Tuesday Blitz April 12 Early 2022"]
[White "Murzin, Volodar"]
[Black "Plotnikov, Pavel"]
[WhiteFideId "44155573"]
[BlackFideId "4170342"]
[WhiteElo "2585"]
[BlackElo "2298"]
[Result "0-1"]
[Round "03"]
[TimeControl "180+1"]
[Date "2022.04.13"]
[WhiteClock "0:00:01"]
[BlackClock "0:00:09"]

1. e4 e5 2. Nf3 Nc6 3. Bb5 a6 4. Ba4 Nf6 5. O-O Nxe4 6. d4 b5 7. Bb3 d5 8. dxe5 Be6 9. Nbd2 Bc5 10. Nxe4 dxe4 11. Bxe6 fxe6 12. Ng5 e3 13. Bxe3 Bxe3 14. Qxd8+ Nxd8 15. fxe3 h6 16. Nh3 Nc6 17. Nf4 O-O-O 18. Nxe6 Rde8 19. Nxg7 Rxe5 20. Nf5 Kb7 21. Rf4 Kb6 22. Raf1 a5 23. c3 Rd8 24. Nxh6 Rxe3 25. R4f2 Red3 26. Ng4 Rg8 27. h3 b4 28. cxb4 Nxb4 29. b3 Rc3 30. Kh2 c6 31. Ne5 Re8 32. Nc4+ Ka6 33. Rd2 Nd5 34. Nd6 Rh8 35. Nf7 Rh5 36. Rff2 Ne3 37. Rf3 Rh7 38. Nd6 Ng4+ 39. Kg3 Rxf3+ 40. Kxf3 Ne5+ 41. Kg3 Rd7 42. Kh2 Rg7 43. Ne4 Kb5 44. Re2 Nd3 45. Nc3+ Kb4 46. Na4 Nc1 47. Rc2 Nd3 48. Rxc6 Ka3 49. Ra6 Rg5 50. Nb6 Kxa2 51. Nc4 Kxb3 52. Nxa5+ Kc3 53. Nb7 Nb4 54. Rd6 Rb5 55. Nd8 Nd5 56. Ne6 Ne3 57. Nf4 Kc4 58. Re6 Kd4 59. Re8 Rb2 60. Rg8 Ke4 0-1


[Site "https://www.chess.com"]